Map: Blackpink LE

Players

Reynor

  • Race: Zerg Zerg
  • Spawn Location: 1:00

Classic - Winner!

  • Race: Protoss Protoss
  • Spawn Location: 7:00

Event: WESG 2017 Haikou

VOD

Have the link to the VOD?

Description

Time

  • Played on: March 14, 2018, 4:07 a.m.
  • Length: 12:32

All games in this series

Show
View Real Time Build Order
Export as new Build Order

Reynor Zerg 

Build Orders: Hatch First, Muta Ling Bane 

Get SALT Encoding   

  12  0:00  Drone  
  13  0:12  Overlord  
  13  0:17  Drone  
  14  0:24  Extractor  
  14  0:25  Drone  
  15  0:31  Drone  
  16  0:49  Hatchery  
  15  0:52  Drone  
  15  0:56  Drone  
  17  0:59  Drone  
  18  1:11  Extractor  
  18  1:15  Spawning Pool  
  16  1:19  Drone  
  16  1:22  Drone  
  18  1:28  Drone  
  19  1:40  Overlord  
  19  1:50  Drone  
  20  2:02  Queen x2  
  20  2:03  Zergling x4  
  26  2:11  Drone  
  26  2:12  Drone  
  28  2:16  Metabolic Boost  
  28  2:23  Drone x2  
  30  2:39  Hatchery  
  30  2:42  Drone  
  30  2:43  Drone  
  31  2:48  Overlord  
  31  2:50  Zergling x2  
  32  2:55  Zergling x2  
  33  2:59  Queen  
  33  3:03  Drone  
  36  3:06  Drone  
  36  3:10  Drone  
  38  3:15  Overlord  
  38  3:17  Drone x3  
  41  3:20  Drone  
  41  3:21  Drone  
  41  3:24  Drone  
  41  3:27  Spore Crawler  
  43  3:28  Drone  
  44  3:35  Drone x2  
  44  3:39  Queen  
  48  3:44  Zergling x2  
  48  3:45  Zergling x4  
  48  3:46  Drone  
  52  3:50  Drone, Evolution Chamber  
  52  3:52  Drone  
  53  3:55  Spore Crawler  
  53  3:57  Drone  
  53  3:59  Drone  
  53  4:01  Drone  
  55  4:06  Spore Crawler  
  55  4:07  Drone x2  
  56  4:12  Overlord  
  56  4:16  Zerg Melee Weapons Level 1  
  56  4:18  Overlord  
  56  4:24  Overlord  
  56  4:28  Overlord  
  56  4:31  Drone x2  
  58  4:34  Baneling Nest  
  58  4:35  Drone  
  58  4:36  Overlord  
  58  4:37  Drone  
  59  4:38  Drone  
  59  4:39  Drone  
  59  4:43  Drone x2  
  59  4:45  Drone  
  61  4:46  Drone  
  61  4:50  Zergling x4  
  61  4:51  Zergling x2  
  66  4:52  Drone  
  66  4:53  Drone x2  
  66  4:56  Extractor, Drone  
  66  4:59  Drone  
  69  5:01  Overlord  
  69  5:07  Drone x3  
  69  5:08  Drone  
  69  5:11  Queen  
  69  5:12  Baneling Nest  
  72  5:17  Spine Crawler  
  72  5:18  Drone x3  
  72  5:19  Drone  
  72  5:21  Extractor  
  75  5:23  Queen, Zergling x2  
  75  5:27  Zergling x8  
  82  5:33  Lair  
  82  5:34  Drone x2  
  82  5:35  Drone  
  85  5:40  Baneling x2  
  85  5:41  Baneling x2  
  85  5:42  Zergling x4  
  87  5:47  Overlord  
  87  5:52  Zergling x4  
  87  6:02  Zergling x12  
  82  6:04  Zergling x2  
  82  6:06  Queen  
  82  6:07  Zergling x2  
  82  6:15  Zergling x8  
  82  6:17  Zergling x4  
  85  6:26  Zergling x6  
  85  6:30  Zergling x4  
  85  6:31  Zerg Melee Weapons Level 2  
  89  6:36  Extractor  
  89  6:37  Overlord  
  89  6:38  Drone, Centrifical Hooks  
  89  6:39  Drone  
  88  6:40  Extractor  
  88  6:45  Overlord  
  87  6:47  Drone x2  
  87  6:49  Overlord  
  87  6:50  Extractor, Drone  
  87  6:53  Hydralisk Den, Drone  
  89  6:55  Overlord  
  89  6:59  Drone  
  89  7:00  Hatchery  
  89  7:04  Drone x3  
  89  7:05  Drone  
  89  7:07  Drone x2  
  95  7:11  Drone  
  95  7:14  Zergling x4  
  95  7:15  Zergling x2  
  99  7:18  Overlord  
  99  7:20  Overlord  
  99  7:24  Grooved Spines  
  99  7:25  Drone x2  
  99  7:26  Drone x2  
  103  7:34  Overlord x2  
  103  7:35  Hydralisk x2  
  103  7:36  Hydralisk x4  
  115  7:38  Hydralisk  
  115  7:42  Drone  
  115  7:43  Overseer  
  118  7:48  Hydralisk x2  
  122  7:53  Hydralisk  
  124  8:00  Hydralisk x2  
  124  8:05  Drone x6  
  134  8:12  Hydralisk x2  
  134  8:14  Drone x3, Spire  
  134  8:15  Zergling x4  
  134  8:19  Hydralisk x2  
  146  8:26  Drone x2  
  148  8:29  Hydralisk x2  
  148  8:30  Extractor, Zergling x2  
  151  8:34  Overlord  
  151  8:35  Overlord  
  151  8:37  Baneling x2  
  151  8:38  Baneling x7  
  151  8:39  Zergling x2  
  151  8:40  Overlord  
  152  8:41  Extractor  
  152  8:42  Baneling x2  
  152  8:46  Baneling x2  
  150  8:53  Hydralisk x2  
  150  8:54  Zergling x10  
  157  8:59  Drone x3  
  157  9:01  Hydralisk  
  157  9:02  Hydralisk, Zergling x2  
  165  9:06  Overlord  
  163  9:10  Zerg Missile Weapons Level 1  
  163  9:12  Zergling x10  
  163  9:15  Zergling x4  
  170  9:20  Zergling x2  
  170  9:21  Zergling x10  
  170  9:23  Overlord  
  170  9:24  Overlord  
  176  9:35  Mutalisk x3  
  176  9:36  Mutalisk  
  176  9:38  Overlord  
  183  9:42  Mutalisk x3  
  184  9:46  Zergling x8  
  184  9:47  Zergling x2  
  184  9:50  Zergling x4  
  176  9:53  Baneling  
  176  9:54  Baneling  
  176  9:55  Zergling x2  
  176  9:56  Mutalisk, Zergling x6  
  176  9:57  Zergling x6  
  176  9:58  Hydralisk  
  176  9:59  Zergling x6  
  163  10:02  Zergling x2  
  148  10:09  Hydralisk x2  
  148  10:10  Hydralisk x2, Zergling x4  
  124  10:15  Hydralisk  
  124  10:17  Baneling x5  
  124  10:18  Hydralisk, Baneling  
  124  10:20  Queen  
  116  10:23  Hydralisk x2  
  116  10:25  Hydralisk  
  116  10:26  Zergling x4  
  124  10:30  Zergling x2  
  124  10:33  Hydralisk  
  124  10:34  Zergling x2  
  125  10:41  Hatchery  
  124  10:43  Zergling x4  
  124  10:46  Hydralisk  
  128  10:52  Hydralisk  
  128  10:55  Zergling x2  
  128  10:56  Corruptor  
  129  10:58  Hydralisk x3  
  135  11:05  Zergling x4  
  135  11:07  Muscular Augments  
  135  11:09  Hatchery  
  135  11:10  Baneling x2  
  135  11:11  Baneling x2  
  136  11:21  Zergling x6  
  136  11:22  Zergling x10  
  144  11:32  Hydralisk x3  
  136  11:35  Hydralisk x2  
  136  11:36  Zergling x2  
  136  11:40  Hydralisk  
  136  11:41  Zergling x4  
  136  11:46  Hydralisk x2  
  131  11:47  Zergling x2  
  131  11:50  Hydralisk  
  134  11:54  Hydralisk x2  
  138  12:01  Hydralisk  
  138  12:04  Baneling  
  138  12:05  Hydralisk, Baneling x5  
  138  12:06  Zergling x4  
  144  12:10  Zergling x6  
Show
View Real Time Build Order
Export as new Build Order

Classic Protoss - Winner!

Build Orders: 1 Gate Expand, Oracle Opening, Phoenix Opening, Archon Immortal, Zealot Archon, Archon Drop 

Get SALT Encoding   

  12  0:00  Probe  
  13  0:12  Probe  
  14  0:17  Pylon  
  14  0:25  Probe (Chrono Boost)  
  15  0:37  Probe (Chrono Boost)  
  15  0:40  Gateway  
  16  0:45  Probe (Chrono Boost)  
  16  0:48  Assimilator  
  17  0:51  Probe  
  18  1:03  Probe  
  19  1:15  Probe  
  20  1:27  Probe  
  20  1:28  Nexus  
  21  1:39  Cybernetics Core  
  21  1:41  Probe  
  22  1:49  Assimilator  
  22  1:52  Pylon  
  22  1:55  Probe  
  23  2:10  Probe  
  23  2:14  Adept (Chrono Boost)  
  24  2:18  Stargate  
  24  2:22  Probe  
  27  2:29  Warp Gate  
  27  2:33  Adept  
  27  2:34  Probe (Chrono Boost)  
  30  2:40  Probe (Chrono Boost)  
  31  2:46  Probe (Chrono Boost)  
  31  2:49  Probe (Chrono Boost)  
  33  2:51  Probe (Chrono Boost)  
  33  2:54  Probe (Chrono Boost)  
  35  2:58  Oracle (Chrono Boost)  
  35  3:01  Probe  
  39  3:06  Probe  
  39  3:07  Pylon  
  40  3:13  Probe  
  40  3:18  Probe  
  42  3:23  Assimilator  
  42  3:24  Assimilator  
  42  3:25  Probe  
  43  3:28  Phoenix  
  43  3:30  Probe  
  46  3:34  Gateway  
  46  3:38  Probe  
  47  3:42  Probe  
  47  3:43  Robotics Facility  
  48  3:49  Pylon  
  48  3:50  Probe  
  48  3:54  Probe  
  50  3:57  Twilight Council  
  50  4:02  Probe  
  51  4:06  Probe  
  52  4:14  Probe  
  52  4:16  Gateway x2  
  53  4:18  Probe  
  53  4:23  Pylon  
  54  4:27  Warp Prism (Chrono Boost)  
  56  4:32  Zealot  
  56  4:33  Zealot  
  56  4:34  Charge (Chrono Boost)  
  60  4:48  Templar Archives  
  60  4:56  Zealot x2  
  64  5:09  Pylon  
  63  5:22  Nexus  
  63  5:23  Pylon  
  63  5:27  High Templar x3  
  69  5:29  High Templar  
  69  5:30  Probe x2, Observer  
  69  5:33  Archon x2  
  74  5:40  Pylon  
  74  5:42  Probe x2  
  75  5:43  Immortal  
  75  5:44  Forge  
  75  5:47  Gateway  
  75  5:49  Gateway  
  80  6:02  Zealot x2  
  80  6:03  Zealot x2  
  82  6:07  Probe x2  
  82  6:19  Probe  
  82  6:21  Protoss Ground Weapons Level 1 (Chrono Boost)  
  82  6:22  Immortal  
  85  6:30  Zealot x2, High Templar x2  
  85  6:32  Probe x2  
  81  6:34  Probe  
  81  6:35  Archon  
  82  6:44  Probe x2  
  82  6:46  Probe  
  85  6:50  Assimilator  
  85  6:51  Zealot x2  
  85  6:52  Assimilator  
  85  6:54  High Templar x2  
  91  6:56  Probe  
  91  6:57  Probe  
  95  7:02  Zealot x2  
  95  7:04  Probe, Archon  
  100  7:09  Probe x2  
  102  7:17  Probe  
  102  7:20  Pylon x2  
  102  7:21  Probe x2  
  105  7:25  Psionic Storm  
  105  7:27  Pylon  
  105  7:28  Immortal (Chrono Boost)  
  105  7:30  Gateway  
  105  7:33  Gateway  
  109  7:41  High Templar x2  
  113  7:49  High Templar  
  115  7:52  Zealot x2, Photon Cannon  
  115  7:55  High Templar  
  121  8:00  Immortal  
  125  8:08  Photon Cannon  
  125  8:10  Pylon  
  125  8:12  Pylon  
  125  8:18  Zealot x2, High Templar x2  
  133  8:21  Pylon  
  133  8:22  Pylon  
  133  8:24  Pylon x2  
  133  8:26  Archon  
  133  8:33  Photon Cannon  
  132  8:42  Zealot x4  
  140  8:50  Probe  
  140  8:51  Probe x2  
  143  8:59  Immortal  
  143  9:00  Protoss Ground Weapons Level 2 (Chrono Boost)  
  143  9:01  Photon Cannon  
  146  9:12  Nexus  
  146  9:13  Pylon, High Templar  
  146  9:14  High Templar x3  
  154  9:17  Photon Cannon  
  154  9:18  Archon x2  
  154  9:22  Pylon  
  154  9:26  Probe x3  
  154  9:29  High Templar  
  154  9:30  Zealot x2, High Templar  
  165  9:35  Archon  
  165  9:37  Photon Cannon  
  165  9:40  Photon Cannon  
  165  9:42  Photon Cannon  
  165  9:51  High Templar x2  
  169  9:52  Zealot x2  
  169  9:53  Zealot x2  
  169  9:55  Archon  
  142  10:10  Zealot x2  
  142  10:14  Archon  
  140  10:16  Archon  
  140  10:17  Warp Prism  
  140  10:22  Probe  
  140  10:23  Probe x2  
  140  10:25  Probe  
  142  10:30  Assimilator  
  142  10:31  High Templar x4  
  142  10:32  Phoenix (Chrono Boost)  
  142  10:33  Assimilator  
  142  10:35  Probe x3  
  155  10:37  Probe  
  156  10:43  Photon Cannon  
  156  10:47  Probe x3  
  160  10:57  High Templar x2  
  162  11:02  Photon Cannon, Warp Prism (Chrono Boost)  
  163  11:04  Photon Cannon  
  163  11:06  Photon Cannon  
  163  11:08  Pylon  
  163  11:11  Archon  
  165  11:12  High Templar x2  
  165  11:15  Zealot x4  
  171  11:30  Zealot x2  
  171  11:32  Probe x2  
  161  11:33  Probe x2  
  163  11:44  Probe  
  163  11:47  Archon, High Templar x2  
  158  11:48  High Templar x2  
  158  11:49  High Templar x2  
  158  11:53  Archon x2  
  168  11:54  Zealot x2  
  172  12:03  Gateway  
  172  12:08  Gateway  
  172  12:09  Gateway  
  172  12:10  Pylon  
  172  12:11  Fleet Beacon  
  169  12:20  Zealot x6  
  167  12:25  Zealot x2  
Tags
 
Add a new tag
Caveats
  • Supply blocks, unpowered buildings, or Contaminate may cause inaccurate times.
  • Supply counts are checked every 10 seconds.